 Dungeon Crawl Stone Soup version 0.31-a0-95-g6fa058ef04 (webtiles) character file.

Game seed: 7129570805789883232

8893 frimble the Slicer (level 11, -13/71 HPs)
             Began as an Octopode Warper on May 25, 2023.
             Was a High Priest of Cheibriados.
             Mangled by a troll (18 damage)
             ... on level 10 of the Dungeon.
             The game lasted 00:24:42 (8829 turns).

frimble the Slicer (Octopode Warper)                Turns: 8829, Time: 00:24:42

Health: -13/71     AC:  1    Str: 24    XL:     11   Next: 38%
Magic:  2/6        EV: 17    Int: 31    God:    Cheibriados [*****.]
Gold:   579        SH:  7    Dex: 23    Spells: 15/20 levels left

rFire   . . .        v - +3 dagger (antimagic)
rCold   . . .        x - +1 buckler
rNeg    + . .        (helmet restricted)
rPois   .            y - amulet of regeneration
rElec   .            j - ring of flight
rCorr   .            F - ring of positive energy
SInv    .            a - ring of willpower
Will    +....        (no ring)
Stlth   ++++         (no ring)
HPRegen 1.11/turn    (no ring)
MPRegen 0.10/turn    (no ring)
                     (no ring)

%: no passive effects
@: about to teleport, on blink cooldown, flying, very slow
A: almost no armour, amphibious, 8 rings, camouflage 1, gelatinous body 1,
(nimble swimmer 1), tentacles
a: Renounce Religion, Bend Time, Temporal Distortion, Slouch, Step From Time


You were on level 10 of the Dungeon.
You worshipped Cheibriados.
Cheibriados was extremely pleased with you.
You visited 2 branches of the dungeon, and saw 11 of its levels.
You also visited: Ossuary.

You collected 579 gold pieces.

Inventory:

Hand Weapons
 k - a +0 scimitar of protection
 p - a +0 long sword
 v - a +3 antimagic dagger (weapon)
 w - the +1 rapier of Asairch {antimagic, rPois rN+++ Str-5 Int-2}
   (You found it on level 7 of the Dungeon)

   Str:       It affects your strength (-5).
   Int:       It affects your intelligence (-2).
   rPois:     It protects you from poison.
   rN:        It renders you almost immune to negative energy.
Missiles
 c - 6 boomerangs of dispersal
 o - a throwing net
 r - 11 boomerangs (quivered)
 G - 6 curare-tipped darts
Armour
 x - a +1 buckler (worn)
Jewellery
 a - a ring of willpower (on tentacle)
 j - a ring of flight (left tentacle)
 y - an amulet of regeneration (around mantle)
 F - a ring of positive energy (right tentacle)
Wands
 b - a wand of flame (54)
 e - a wand of iceblast (6)
 s - a wand of paralysis (2)
 D - a wand of digging (4)
Scrolls
 f - 5 scrolls of brand weapon
 h - 3 scrolls of fog
 i - a scroll of enchant armour
 l - a scroll of identify
 m - 7 scrolls of vulnerability
 z - 2 scrolls of torment
 A - a scroll of enchant weapon
 E - 3 scrolls of amnesia
Potions
 d - 5 potions of mutation
 g - 5 potions of curing
 n - a potion of attraction
 t - 4 potions of enlightenment
 u - a potion of lignification
 B - 2 potions of haste
 C - 2 potions of resistance


   Skills:
 - Level 5.0 Fighting
 - Level 8.0(8.6) Short Blades
 + Level 4.7(7.0) Long Blades
 - Level 1.0 Throwing
 + Level 6.2 Dodging
 + Level 5.0 Stealth
 - Level 5.0 Shields
 - Level 5.0 Spellcasting
 - Level 5.0 Translocations
 - Level 6.0 Ice Magic
 - Level 5.0 Invocations
 - Level 5.0 Evocations


You had 15 spell levels left.
You knew the following spells:

 Your Spells              Type           Power      Damage    Failure   Level
a - Blink                 Tloc           76%        N/A       1%          2
b - Ozocubu's Armour      Ice            45%        N/A       1%          3

Your spell library contained the following spells:

 Spells                   Type           Power      Damage    Failure   Level
 Lesser Beckoning         Tloc           76%        N/A       1%          2
 Teleport Other           Tloc           38%        N/A       2%          3
 Magic Dart               Conj           28%        1d4       6%          1
 Vhi's Electric Charge    Tloc/Air       38%        N/A       9%          3
 Volatile Blastmotes      Fire/Tloc      38%        2d13      9%          3
 Manifold Assault         Tloc           38%        N/A       9%          4
 Call Imp                 Summ           14%        N/A       10%         2
 Dazzling Flash           Conj/Hex       6%         N/A       26%         3
 Mephitic Cloud           Conj/Pois/Air  2%         N/A       28%         3
 Iskenderun's Mystic Bla  Conj/Tloc      19%        2d6       30%         4
 Metabolic Englaciation   Hex/Ice        11%        N/A       56%         5
 Simulacrum               Ice/Necr       11%        N/A       98%         6
 Starburst                Conj/Fire      1%         6d3       100%        6


Dungeon Overview and Level Annotations

Branches:
Dungeon (10/15)            Temple (1/1) D:4            Lair (0/5) D:8
    Orc (0/2) D:9         Ossuary (visited)

Altars:
Ashenzari
Cheibriados
Dithmenos
Gozag
Hepliaklqana
Kikubaaqudgha
Makhleb
Nemelex Xobeh
Okawaru
Qazlal
Ru
Sif Muna
Trog
Uskayaw
Vehumet
Wu Jian
Xom
Yredelemnul
Zin
Jiyva

Annotations:
D:4 1 runed translucent door, rz's ghost, amateur AtFi
D:8 2 transporters
D:10 3 runed translucent doors


Innate Abilities, Weirdness & Mutations

You cannot wear most types of armour.
You are amphibious.
You can wear up to eight rings at the same time.
Your skin changes colour to match your surroundings (Stealth+).
Your rubbery body absorbs attacks. (AC +1, EV +1)
((You are camouflaged when in or above water. (Stealth+)))
You have tentacles for arms and can constrict up to eight enemies at once.


Message History

Press: ? - help, Shift-Dir - straight line The mass of ice explodes!
The iceblast engulfs the troll!
The troll is heavily wounded.
You don't have enough magic at the moment.
Throw: 11 boomerangs
Press: ? - help, Q - select action, (/) - cycle Shift-Dir - straight line, f - howler monkey
Aim: a howler monkey (catching its breath, 62% to hit)
Okay, then.
Unknown command.
Aiming: Iceblast
Press: ? - help, Shift-Dir - straight line The mass of ice explodes!
The iceblast engulfs something!
The iceblast engulfs you!
You feel stable enough to blink again.
You hear a bellow! x2; You hear a shout!
Something barely misses you. Something bites you.
Something draws strength from your injuries!
Okay, then.
Unknown command.
Okay, then.
Unknown command.
Okay, then.
Unknown command.
Okay, then.
Unknown command.
As you read the scroll of teleportation, it crumbles to dust.
You feel strangely unstable. Something hits you!
* * * LOW HITPOINT WARNING * * *
You block something's attack.
The howler monkey hoots and howls with incredible vigour!
You hear a shout! x2; You hear a horrible gurgling sound!
Casting: Blink (safe; 1% risk of failure)
Confirm with . or Enter, or press ? or * to list all spells.
You blink.
You block the troll's attack. The troll claws you!
* * * LOW HITPOINT WARNING * * *
The troll completely misses you.
You feel better. Something draws life force from you!
* * * LOW HITPOINT WARNING * * *
The troll bites you!!
You die...

#### ###>###.# #
#..##.# # ##.##.#
..## #.##.# ...#
#.##.# #..#
#.##.##### ...####
#..ยง.....#
.......
######.....:..#
#......
.......@Th....#..#
.......
.................#
.......
######>...........
.......
............##.
..###..
###............
..# #.#...##.#.$.
.... ........ .#
.. ...##
.......... . .
#.... ......... ..


You could see a troll and a howler monkey.

Vanquished Creatures
  Josephine (D:10)
  A manticore (D:7)
  Maurice (D:9)
  Maggie (D:6)
  A kobold demonologist (D:9)
  2 hornets
  3 wraiths (D:10)
  A wyvern (D:8)
  A yak (D:8)
  A shadow (D:6)
  Grum (D:8)
  A warg (D:9)
  A water moccasin (D:6)
  7 orc warriors
  5 black bears
  An ice beast (D:6)
  2 sky beasts
  3 hornet zombies (Ossuary)
  7 ogres
  3 wolves (D:8)
  2 centaurs
  2 bullfrogs
  A gnoll sergeant (D:7)
  4 wights (D:7)
  3 water moccasin zombies (Ossuary)
  6 killer bees (D:8)
  4 howler monkeys
  4 centaur zombies (Ossuary)
  4 hounds
  7 bullfrog zombies (Ossuary)
  A gnoll bouda (D:8)
  8 orc priests
  Ijyb (D:3)
  2 jellies
  2 iguanas
  8 orc wizards
  3 killer bee zombies (Ossuary)
  14 mummies
  4 howler monkey zombies (Ossuary)
  8 gnolls
  6 adders
  2 shadow imps
  6 white imps
  An ufetubus (D:5)
  A worm (D:2)
  3 dart slugs
  40 orcs
  7 bats
  5 endoplasms
  A giant cockroach (D:3)
  17 goblins
  12 hobgoblins
  4 jackals (D:1)
  8 kobolds
  2 quokkas (D:1)
  8 ball pythons
  4 frilled lizards
  5 rats
264 creatures vanquished.

Notes
Turn   | Place    | Note
-------+----------+-------------------------------------------
     0 | D:1      | frimble the Octopode Warper began the quest for the Orb.
     0 | D:1      | Reached XP level 1. HP: 14/14 MP: 3/3
    73 | D:1      | Reached skill level 1 in Stealth
   149 | D:1      | Reached XP level 2. HP: 18/19 MP: 5/5
   355 | D:1      | Reached XP level 3. HP: 24/24 MP: 6/6
   821 | D:2      | Reached skill level 3 in Short Blades
   843 | D:2      | Learned a level 2 spell: Blink
  1587 | D:3      | Found a radiant altar of Vehumet.
  1648 | D:3      | Noticed Ijyb
  1662 | D:3      | Killed Ijyb
  1663 | D:3      | Reached XP level 4. HP: 6/29 MP: 7/7
  1977 | D:3      | Found a bloodstained altar of Trog.
  2230 | D:3      | Reached skill level 1 in Evocations
  2230 | D:3      | Reached XP level 5. HP: 24/34 MP: 5/8
  2293 | D:4      | Found a staircase to the Ecumenical Temple.
  2301 | Temple   | Entered the Ecumenical Temple
  2342 | Temple   | Became a worshipper of Cheibriados the Contemplative
  2377 | D:4      | Noticed a black bear
  2392 | D:4      | Reached skill level 4 in Short Blades
  2489 | D:4      | Killed a black bear
  2490 | D:4      | Reached skill level 5 in Stealth
  2490 | D:4      | Reached XP level 6. HP: 19/39 MP: 6/9
  2550 | D:4      | Found a sand-covered staircase.
  2557 | Ossuary  | Entered an ossuary
  2647 | Ossuary  | Reached XP level 7. HP: 45/45 MP: 3/10
  2680 | Ossuary  | HP: 2/45 [mummy (18)]
  2703 | Ossuary  | Reached skill level 5 in Short Blades
  2760 | Ossuary  | Reached * piety under Cheibriados
  2761 | Ossuary  | Reached XP level 8. HP: 41/53 MP: 3/11
  2968 | Ossuary  | Reached skill level 5 in Evocations
  3018 | Ossuary  | Reached skill level 6 in Short Blades
  3137 | D:4      | Found a runed translucent door.
  3141 | D:4      | Noticed rz's ghost (amateur AtFi)
  3228 | D:4      | Reached ** piety under Cheibriados
  3334 | D:4      | Found a basalt altar of Yredelemnul.
  3337 | D:4      | Found a broken altar of Ashenzari.
  3346 | D:4      | Found a sparkling altar of Nemelex Xobeh.
  3354 | D:4      | Found a hide-covered altar of Uskayaw.
  3502 | D:5      | Entered Level 5 of the Dungeon
  3551 | D:5      | Reached skill level 5 in Dodging
  3664 | D:5      | Reached skill level 5 in Fighting
  3675 | D:5      | Reached XP level 9. HP: 61/61 MP: 1/12
  3758 | D:5      | Reached skill level 7 in Short Blades
  4233 | D:6      | Noticed Maggie
  4241 | D:6      | Killed Maggie
  4242 | D:6      | Reached skill level 8 in Short Blades
  4242 | D:6      | Reached skill level 5 in Translocations
  4289 | D:6      | Reached skill level 1 in Shields
  4289 | D:6      | Reached *** piety under Cheibriados
  4416 | D:6      | Found a glowing silver altar of Zin.
  4658 | D:6      | Found an opulent altar of Gozag.
  5120 | D:7      | Identified the +1 rapier of Asairch {antimagic, rPois rN+++
                  | Str-5 Int-2}
  5167 | D:7      | Reached skill level 5 in Shields
  5171 | D:7      | Reached skill level 1 in Invocations
  5529 | D:9      | Found a shimmering blue altar of Sif Muna.
  5581 | D:8      | Learned a level 3 spell: Ozocubu's Armour
  5603 | D:8      | Reached XP level 10. HP: 47/66 MP: 2/13
  5604 | D:8      | Reached **** piety under Cheibriados
  5605 | D:8      | Reached skill level 1 in Ice Magic
  5839 | D:8      | Reached skill level 5 in Ice Magic
  5916 | D:8      | Found a staircase to the Lair.
  5942 | D:8      | Noticed Grum
  6275 | D:7      | Reached ***** piety under Cheibriados
  6593 | D:7      | Noticed a manticore
  6597 | D:7      | Killed a manticore
  6666 | D:7      | Reached skill level 5 in Invocations
  7317 | D:8      | Found a stormy altar of Qazlal.
  7324 | D:8      | Reached skill level 1 in Long Blades
  7413 | D:8      | Found a transporter.
  7413 | D:8      | Found the +7 great mace "Firestarter" {flame, immolate,
                  | rFlCloud rF++}
  7416 | D:8      | Found a viscous altar of Jiyva.
  7416 | D:8      | Found a transporter.
  7575 | D:8      | Killed Grum
  7717 | D:9      | Reached XP level 11. HP: 59/71 MP: 14/17
  7814 | D:9      | Found a staircase to the Orcish Mines.
  7978 | D:9      | Noticed Maurice
  7995 | D:9      | Killed Maurice
  8223 | D:9      | Reached skill level 5 in Spellcasting
  8658 | D:10     | Entered Level 10 of the Dungeon
  8718 | D:10     | Found a runed translucent gate.
  8718 | D:10     | Found a runed translucent gate.
  8718 | D:10     | Found a runed translucent gate.
  8718 | D:10     | Noticed a glowing orange brain
  8719 | D:10     | Noticed a cyan ugly thing
  8720 | D:10     | Noticed a purple ugly thing
  8720 | D:10     | Noticed a cyan ugly thing
  8720 | D:10     | Noticed a red ugly thing
  8720 | D:10     | a slime creature changed into an orb spider
  8720 | D:10     | Noticed an orb spider (glowing shapeshifter)
  8720 | D:10     | an orb spider changed into a swamp dragon
  8720 | D:10     | Noticed a swamp dragon (glowing shapeshifter)
  8720 | D:10     | Noticed a red ugly thing
  8724 | D:10     | a swamp dragon changed into an elephant
  8725 | D:10     | an elephant changed into a mana viper
  8725 | D:10     | Noticed a mana viper (glowing shapeshifter)
  8727 | D:10     | a mana viper changed into a death drake
  8727 | D:10     | Noticed a death drake (glowing shapeshifter)
  8727 | D:10     | a death drake changed into a torpor snail
  8728 | D:10     | Noticed Josephine
  8735 | D:10     | Killed Josephine
  8829 | D:10     | Mangled by a troll

Illustrated notes

Levels and vault maps discovered:
D:1:      zaba_arrival_water, layout_loops_cross,
          chequers_serial_rivers_micro_e, minmay_misc_feat_more_columns
D:2:      layout_rooms, minivault_5, minivault_23
D:3:      layout_loops_ring, mainiacjoe_overflow_cross_hatched,
          trog_antimagical, uniq_ijyb
D:4:      cheibrodos_greedy_goblins, layout_rooms,
          grunt_temple_overflow_cloverleaf, minmay_temple_entry_ruins,
          gup_ossuary_entry_pyramid, ebering_ghost_sewer_d, nrook_mini_vaults,
          feat_on_display
D:5:      layout_cave_pools, serial_bayou_pond_b
D:6:      minmay_chambers_of_fours, layout_gridville,
          pdpol_temple_overflow_zin_treasury_gozag_greed, uniq_maggie
D:7:      minmay_general_purpose_star, layout_loops_corners
D:8:      gammafunk_jiyva_shrine, layout_basic,
          nicolae_qazlal_scattered_showers, grunt_lair_entry_orc_guard_hut,
          minmay_between, uniq_grum
D:9:      layout_basic, general_overflow_altar, erik_orc_4, chequers_arboretum,
          uniq_maurice
D:10:     layout_rooms, ploomutoo_gammafunk_ghost_potion_laboratory,
          uniq_josephine
Temple:   nicolae_temple_bog_church

Skill      XL: |  1  2  3  4  5  6  7  8  9 10 11 |
---------------+----------------------------------+-----
Stealth        | 1 2 3 4 5 |  5.0
Short Blades   | 3 4 5 6 8 |  8.0
Evocations     | 1 2 3 4 5 |  5.0
Dodging        | 3 5 6 |  6.2
Fighting       | 3 5 |  5.0
Translocations | 5 |  5.0
Shields        | 5 |  5.0
Invocations    | 2 5 |  5.0
Ice Magic      | 6 |  6.0
Spellcasting   | 4 5 |  5.0
Long Blades    | 2 4 |  4.7
Throwing       | |  1.0

Action                     |  1- 3 |  4- 6 |  7- 9 | 10-12 || total
---------------------------+-------+-------+-------+-------++-------
  Melee: Short sword       |   110 |    48 |       |       ||   158
         Constrict         |    25 |    16 |    57 |    49 ||   147
         Tentacles         |    17 |    20 |    96 |    85 ||   218
         Punch             |     2 |       |    10 |     3 ||    15
         Dagger            |       |    28 |   309 |    24 ||   361
         Rapier            |       |       |     5 |   151 ||   156
         Scimitar          |       |       |       |    91 ||    91
  Throw: Boomerang         |       |     6 |    50 |    13 ||    69
   Cast: Blink             |       |     3 |    11 |    10 ||    24
         Ozocubu's Armour  |       |       |       |     8 ||     8
 Invoke: Slouch            |       |       |       |     2 ||     2
  Evoke: Wand              |       |     6 |    19 |    19 ||    44
    Use: Scroll            |     5 |       |    12 |     6 ||    23
         Potion            |     1 |       |     6 |     6 ||    13
   Stab: Sleeping          |     3 |     5 |     7 |    10 ||    25
         Distracted        |       |       |       |     3 ||     3
 Armour: Skin              |     8 |     3 |    18 |    43 ||    72
  Dodge: Dodged            |    61 |    44 |   202 |   138 ||   445
  Block: Buckler           |       |       |     8 |    96 ||   104

Table legend: (Time is in decaauts)
 A = Elapsed time spent in this place.
 B = Non-inter-level travel time spent in this place.
 C = Inter-level travel time spent in this place.
 D = Time resting spent in this place.
 E = Time spent auto-exploring this place.
 F = Levels seen in this place.
 G = Mean time per level.
                   A        B        C        D        E       F      G
               +--------+--------+--------+--------+--------+-----+--------+
         Total |  11782 |  11057 |    725 |     41 |   8716 |  12 |  981.8 |
       Dungeon |  11145 |  10451 |    694 |     41 |   8414 |  10 | 1114.5 |
        Temple |     68 |     37 |     31 |      0 |     31 |   1 |   68.0 |
       Ossuary |    568 |    568 |      0 |      0 |    271 |   1 |  568.0 |
               +--------+--------+--------+--------+--------+-----+--------+

Top non-repeatable levels by time:
     D:7: 1997 daAuts
     D:9: 1845 daAuts
     D:6: 1778 daAuts
     D:8: 1367 daAuts
     D:3: 908 daAuts
     D:1: 872 daAuts
     D:5: 844 daAuts
     D:4: 822 daAuts
 Ossuary: 568 daAuts
     D:2: 465 daAuts
    D:10: 243 daAuts
  Temple: 68 daAuts
